 Dungeon Crawl Stone Soup version 0.24-a0-282-g1a68c91 (webtiles) character file.

Game seed: 17150602444533850711

457 nikopol the Magician (level 6, -5/32 HPs)
             Began as a Deep Elf Fire Elementalist on May 3, 2019.
             Was a Follower of Vehumet.
             Slain by Edmund
             ... wielding a +1 dire flail of protection
              (19 damage)
             ... on level 4 of the Dungeon.
             The game lasted 00:09:08 (3297 turns).

nikopol the Magician (Deep Elf Fire Elementalist)   Turns: 3297, Time: 00:09:09

Health: -5/32      AC:  2    Str:  5    XL:     6   Next: 77%
Magic:  7/17       EV: 13    Int: 22    God:    Vehumet [*.....]
Gold:   186        SH:  0    Dex: 15    Spells: 2/17 levels left

rFire    . . .     SeeInvis .   i - +0 dagger
rCold    . . .     Gourm    .   (no shield)
rNeg     . . .     Faith    .   a - +0 robe
rPois    .         Spirit   .   (no helmet)
rElec    .         Reflect  .   d - scarf {cloud immunity}
rCorr    .         Harm     .   (no gloves)
MR       ++...                  (no boots)
Stlth    ++........             (no amulet)
HPRegen  0.10/turn              r - ring of protection from magic
MPRegen  0.15/turn              u - ring of protection from magic

@: no status effects
A: no striking features
a: Renounce Religion


You were on level 4 of the Dungeon.
You worshipped Vehumet.
Vehumet was aware of your devotion.
You were not hungry.

You visited 1 branch of the dungeon, and saw 4 of its levels.

You collected 186 gold pieces.

Inventory:

Hand Weapons
 i - a +0 dagger (weapon)
Armour
 a - a +0 robe (worn)
 d - a scarf of cloud immunity (worn)
Jewellery
 r - a ring of protection from magic (left hand)
 u - a ring of protection from magic (right hand)
Scrolls
 f - 3 scrolls of teleportation {unknown}
 g - a scroll of magic mapping {unknown}
 j - 3 scrolls of fog {unknown}
 p - a scroll of fear {unknown}
 q - a scroll of enchant weapon {unknown}
Potions
 e - 2 potions of resistance
 h - 3 potions of agility
 l - a potion of invisibility {unknown}
 m - a potion of berserk rage
 n - 3 potions of heal wounds
 o - 2 potions of flight
 s - 2 potions of curing
Comestibles
 c - 9 rations


   Skills:
 + Level 0.3 Fighting
 + Level 2.9 Dodging
 + Level 3.3 Stealth
 + Level 6.4 Spellcasting
 + Level 3.8 Conjurations
 + Level 5.1 Fire Magic


You had 2 spell levels left.
You knew the following spells:

 Your Spells              Type           Power        Failure   Level  Hunger
a - Flame Tongue          Conj/Fire      ####.        1%          1    None
b - Throw Flame           Conj/Fire      ####..       1%          2    None
c - Conjure Flame         Conj/Fire      ####....     4%          3    #......
d - Sticky Flame          Conj/Fire      ####....     14%         4    ###....
e - Fireball              Conj/Fire      ####......   36%         5    #####..

Your spell library contained the following spells:

 Spells                   Type           Power        Failure   Level  Hunger
 Magic Dart               Conj           ###.         1%          1    None
 Inner Flame              Hex/Fire       ###.....     9%          3    #......


Dungeon Overview and Level Annotations

Branches:
Dungeon (4/15)
 Temple: D:4-7

Altars:
Okawaru
Vehumet

Annotations:
D:4 Edmund


Message History

Aiming: Flame Tongue (safe; 1% risk of failure)
Press: ? - help, Shift-Dir - straight line, f/p - Edmund
Aim: Edmund, wielding a +1 dire flail of protection and wearing a +0 chain mail (lightly wounded, berserk, fast, unusually strong)
The flame tongue hits Edmund.
Edmund is moderately wounded.
Edmund is engulfed in blazing flames.
Edmund hits you with a +1 dire flail of protection!!
Ouch! That really hurt!
Casting: Flame Tongue (safe; 1% risk of failure)
Confirm with . or Enter, or press ? or * to list all spells.
Aiming: Sticky Flame (safe; 14% risk of failure)
Press: ? - help, Shift-Dir - straight line, f/p - Edmund
Aim: Edmund, wielding a +1 dire flail of protection and wearing a +0 chain mail (flame, moderately wounded, berserk, fast, unusually strong)
The sticky flame hits Edmund.
Edmund is moderately wounded.
Edmund is covered in liquid flames!
Edmund burns!
Edmund is engulfed in blazing flames.
Edmund hits you with a +1 dire flail of protection!!
Ouch! That really hurt!
You die...

#.......)..................
..........###..#.#)##...#.#
..........# #..#.#.........
..........####.#.#.........
............##(#.#.........
#...###.#.#.##............
........#.#.##[#.......#..
...............#..###.....
................@.# .....
....##..#.#.####@## ....#
........#.#.####.####....#
#.......[...@.............
#!..#..##...####.#......
#.##....'...# ##.#......
.......##...# #.........
#.##...##...###........?
#....................#.#


You could see Edmund (berserk).

Vanquished Creatures
  An ogre (D:4)
  A scorpion (D:4)
  2 orc priests (D:4)
  2 orc wizards
  A worker ant (D:4)
  3 gnolls (D:4)
  5 adders
  2 oozes (D:1)
  An adder skeleton (D:4)
  2 worms
  A dart slug (D:3)
  5 leopard geckos
  11 orcs
  4 giant cockroaches
  10 goblins
  5 hobgoblins
  3 jackals (D:3)
  5 kobolds
  2 quokkas
  2 ball pythons (D:1)
  5 bats
  7 frilled lizards
  5 rats
85 creatures vanquished.

Vanquished Creatures (others)
  A quokka (D:2)
1 creature vanquished.

Grand Total: 86 creatures vanquished

Notes
Turn   | Place    | Note
-------+----------+-------------------------------------------
     0 | D:1      | nikopol the Deep Elf Fire Elementalist began the quest for
                  | the Orb.
     0 | D:1      | Reached XP level 1. HP: 10/10 MP: 6/6
    75 | D:1      | Reached XP level 2. HP: 12/15 MP: 1/8
   446 | D:1      | Reached XP level 3. HP: 19/19 MP: 3/9
   933 | D:2      | Learned a level 2 spell: Throw Flame
   937 | D:2      | Learned a level 3 spell: Conjure Flame
   938 | D:2      | Found an iron altar of Okawaru.
   944 | D:2      | Reached skill level 4 in Spellcasting
  1209 | D:2      | Reached XP level 4. HP: 21/24 MP: 7/12
  1309 | D:2      | Found a radiant altar of Vehumet.
  1366 | D:2      | Became a worshipper of Vehumet
  2215 | D:4      | Reached XP level 5. HP: 28/28 MP: 11/14
  2219 | D:3      | Reached skill level 5 in Spellcasting
  2578 | D:4      | Reached * piety under Vehumet
  2578 | D:4      | Offered knowledge of Magic Dart by Vehumet.
  2957 | D:4      | Noticed an ogre
  2963 | D:4      | Killed an ogre
  2963 | D:4      | Reached XP level 6. HP: 32/32 MP: 8/16
  2969 | D:4      | Learned a level 4 spell: Sticky Flame
  2975 | D:4      | Learned a level 5 spell: Fireball
  2989 | D:4      | Reached skill level 6 in Spellcasting
  2989 | D:4      | Reached skill level 5 in Fire Magic
  3258 | D:4      | Noticed Edmund
  3297 | D:4      | Slain by Edmund

Levels and vault maps discovered:
D:1:      eino_arrival_druids_welcome, layout_basic, minmay_misc_feat_tower
D:2:      minmay_general_purpose_star, layout_loops_ring, fiery_altar_vehumet,
          lemuel_crystal_altar
D:3:      layout_rooms, first_ration
D:4:      corexii_shantytown, layout_basic, zin_academy, uniq_edmund

Skill      XL: |  1  2  3  4  5  6 |
---------------+-------------------+-----
Fire Magic     | 4 5 |  5.1
Spellcasting   | 4 5 6 |  6.4
Stealth        | 3 |  3.3
Conjurations   | 2 3 |  3.8
Fighting       | |  0.3
Dodging        | |  2.9

Action                   |  1- 3 |  4- 6 || total
-------------------------+-------+-------++-------
Melee: Dagger            |     2 |       ||     2
 Cast: Flame Tongue      |    63 |   113 ||   176
       Throw Flame       |       |     9 ||     9
       Conjure Flame     |       |     1 ||     1
       Sticky Flame      |       |     1 ||     1
  Use: Scroll            |       |     6 ||     6
  Eat: Chunk             |     1 |     3 ||     4
       Ration            |       |     1 ||     1
Armor: Robe              |     4 |     5 ||     9
Dodge: Dodged            |    13 |    25 ||    38

Table legend:
 A = Non-vault XP
 B = Vault XP
 C = Vault XP percentage of total XP
 D = Non-vault monster count
 E = Vault monster count
 F = Vault count percentage of total count
                 A         B        C        D         E       F
            +---------+---------+-------+---------+---------+-------
      Total |     641 |      12 |   1.8 |      80 |       5 |   5.9
            +---------+---------+-------+---------+---------+-------
        D:1 |      49 |       0 |   0.0 |      23 |       0 |   0.0
        D:2 |      50 |      12 |  19.4 |      15 |       5 |  25.0
        D:3 |      96 |       0 |   0.0 |      22 |       0 |   0.0
        D:4 |     446 |       0 |   0.0 |      20 |       0 |   0.0
            +---------+---------+-------+---------+---------+-------
